 Dungeon Crawl Stone Soup version 0.28-a0-1624-g820543e53a (webtiles) character file.

Game seed: 14103441763139506481

2 cheechan the Magician (level 1, 0/7 HPs)
             Began as a Felid Wanderer on Jan 23, 2022.
             Slain by a kobold (6 damage)
             ... on level 1 of the Dungeon.
             The game lasted 00:01:29 (171 turns).

cheechan the Magician (Felid Wanderer)               Turns: 171, Time: 00:01:31

Health: 0/7        AC:  1    Str:  6    XL:     1   Next: 33%
Magic:  2/7        EV: 18    Int: 14    God:
Gold:   9          SH:  0    Dex: 16    Spells: 8/10 levels left
                                        Lives:  0   Deaths: 0

rFire   . . .      SeeInvis +     - Unarmed
rCold   . . .      Faith    .   (shield unavailable)
rNeg    . . .      Spirit   .   (armour unavailable)
rPois   .          Reflect  .   (helmet unavailable)
rElec   .          Harm     .   (cloak unavailable)
rCorr   .          Rampage  .   (gloves unavailable)
Will    .....                   (boots unavailable)
Stlth   +.........              (no amulet)
HPRegen 0.02/turn               (no ring)
MPRegen 0.10/turn               (no ring)

@: quick
A: very small, claws 1, fangs 3, see invisible, speed 1, shaggy fur 1, stealthy
paws, no weapons or thrown items, no armour, multi-lived
a: no special abilities


You were on level 1 of the Dungeon.
You visited 1 branch of the dungeon, and saw 1 of its levels.

You collected 9 gold pieces.

Inventory:

Potions
 a - a potion of curing


   Skills:
 + Level 4.0 Dodging
 + Level 1.0 Unarmed Combat
 + Level 5.1 Spellcasting


You had 8 spell levels left.
You knew the following spells:

 Your Spells              Type           Power      Damage    Failure   Level
a - Summon Small Mammal   Summ           12%        N/A       17%         1
b - Foxfire               Conj/Fire      12%        2x1d4     17%         1

Your spell library contained the following spells:

 Spells                   Type           Power      Damage    Failure   Level
 Corpse Rot               Necr/Air       6%         N/A       26%         2
 Sublimation of Blood     Necr           3%         N/A       26%         2


Dungeon Overview and Level Annotations

Branches:
Dungeon (1/15)

Altars:


Innate Abilities, Weirdness & Mutations

You have sharp claws.
You have razor-sharp teeth.
You have supernaturally acute eyesight. (SInv)
You cover ground quickly. (Speed+)
You are covered in fur. (AC +1)
Your paws help you pounce on unaware monsters.
You are incapable of wielding weapons or throwing items.
You cannot wear armour.
You gain extra lives every three experience levels.


Message History

The foxfire hits the hobgoblin but does no damage.
The hobgoblin is almost dead.
Your bat hits the hobgoblin but does no damage.
You barely miss the hobgoblin.
The hobgoblin is almost dead.
Your bat hits the hobgoblin.
The hobgoblin dies!
You swap places.
You see here a hobgoblin corpse.
You swap places.
Your magical contamination has completely faded away.
You swap places.
Found 15 arrows.
You swap places.
Found a stone staircase leading down.
A goblin comes into view. It is wielding a +0 dagger.
Casting: Foxfire (safe; 17% risk of failure)
Confirm with . or Enter, or press ? or * to list all spells.
You conjure some foxfire!
You swap places.
The foxfire hits the goblin.
The goblin is heavily wounded.
Your bat barely misses the goblin.
The foxfire hits the goblin.
You kill the goblin!
A kobold comes into view. It is wielding a +0 whip.
The kobold shouts!
You see here a +0 dagger.
The kobold misses you.
Casting: Foxfire (safe; 17% risk of failure)
Confirm with . or Enter, or press ? or * to list all spells.
Your bat disappears in a puff of smoke!
The kobold misses you.
You swap places.
The kobold hits you with a +0 whip.
You see here a +0 dagger.
Casting: Summon Small Mammal (safe; 17% risk of failure)
Confirm with . or Enter, or press ? or * to list all spells.
You conjure some foxfire!
Your bat closely misses the kobold.
Your bat hits the kobold but does no damage.
The kobold hits you with a +0 whip.
Ouch! That really hurt!
You die...

##...# ....#
##.#### #....#####
#.## # # #.....(..#
##.# # ##.
#.#......# #.######
..##........#
#.#..#.. #..
#......# #.'..'..
#.r##v.....#
#.#..#..
#b@v.....###.######
#K##.......##.# #
....#...###.##.## #
####.#...#
#.###.#### .#...#
#.#..#...# .#...#
#.#.#####. .#...#
#.#.....## .#.###
#.#.##.### #.#
#.#.##..†.


You could see a kobold (ally target), a friendly bat (summoned) and a friendly
rat (summoned).

Vanquished Creatures
  A goblin (D:1)
1 creature vanquished.

Vanquished Creatures (collateral kills)
  A hobgoblin (D:1)
1 creature vanquished.

Vanquished Creatures (others)
  3 foxfires (D:1)
3 creatures vanquished.

Grand Total: 5 creatures vanquished

Notes
Turn   | Place    | Note
-------+----------+-------------------------------------------
     0 | D:1      | cheechan the Felid Wanderer began the quest for the Orb.
     0 | D:1      | cheechan set off with the following items: a potion of
                  | curing; and the following spells available to memorise:
                  | Foxfire, Summon Small Mammal, Corpse Rot, Sublimation of
                  | Blood
     0 | D:1      | Reached XP level 1. HP: 7/7 MP: 7/7
     2 | D:1      | Learned a level 1 spell: Summon Small Mammal
     4 | D:1      | Learned a level 1 spell: Foxfire
   171 | D:1      | Slain by a kobold

Illustrated notes

Levels and vault maps discovered:
D:1:      dpeg_arrival_yet_another_circle, layout_basic,
          ebering_ecumenical_altar_abandoned, st_stairs_7, minmay_misc_feat_tiny

Action                   || total
-------------------------++-------
Melee: Unarmed           ||     1
 Cast: Summon Small Mamm ||     3
       Foxfire           ||     3
Dodge: Dodged            ||     7

Table legend: (Time is in decaauts)
 A = Elapsed time spent in this place.
 B = Non-inter-level travel time spent in this place.
 C = Inter-level travel time spent in this place.
 D = Time resting spent in this place.
 E = Time spent auto-exploring this place.
 F = Levels seen in this place.
 G = Mean time per level.
                   A        B        C        D        E       F      G
               +--------+--------+--------+--------+--------+-----+--------+
         Total |    140 |    140 |      0 |      0 |      0 |   1 |  140.0 |
       Dungeon |    140 |    140 |      0 |      0 |      0 |   1 |  140.0 |
               +--------+--------+--------+--------+--------+-----+--------+

Top non-repeatable levels by time:
     D:1: 140 daAuts
